 Dungeon Crawl Stone Soup version 0.23-a0-106-g63f3d0b (webtiles) character file.

1136 galech the Chopper (level 8, -1/88 (91) HPs)
             Began as a Demonspawn Berserker on Aug 20, 2018.
             Was a Priest of Trog.
             Slain by a sky beast (6 damage)
             ... on level 5 of the Dungeon.
             The game lasted 00:07:06 (4697 turns).

galech the Chopper (Demonspawn Berserker)           Turns: 4697, Time: 00:07:07

HP:   -1/88 (91)    AC: 11    Str: 22    XL:     8   Next: 14%
MP:   8/8           EV:  9    Int: 10    God:    Trog [***...]
Gold: 224           SH: 11    Dex: 14    Spells: 7/7 levels left

rFire    . . .     SeeInvis .   a - +0 hand axe
rCold    . . .     Gourm    .   s - +0 buckler
rNeg     . . .     Faith    +   r - +0 chain mail
rPois    .         Spirit   .   (helmet restricted)
rElec    .         Reflect  .   C - +0 cloak
rCorr    .         Harm     .   u - +0 pair of gloves
MR       .....                  (no boots)
Stlth    ..........             B - amulet of faith
HPRegen  0.00/turn              (no ring)
MPRegen  0.11/turn              (no ring)

@: berserking (expiring), non-regenerating, mildly diseased, very quick
A: antennae 2, large bone plates 2, demonic guardian 1
a: Berserk, Trog's Hand, Renounce Religion


You were on level 5 of the Dungeon.
You worshipped Trog.
Trog was most pleased with you.
You were very hungry.

You visited 1 branch of the dungeon, and saw 5 of its levels.

You collected 224 gold pieces.

Inventory:

Hand Weapons
 a - a +0 hand axe (weapon)
Armour
 r - a +0 chain mail (worn)
 s - a +0 buckler (worn)
 u - a +0 pair of gloves (worn)
 C - a +0 cloak (worn)
Jewellery
 B - an amulet of faith (around neck)
Wands
 b - a wand of disintegration (15)
 w - a wand of flame (16)
Scrolls
 d - 2 scrolls of magic mapping {unknown}
 e - 10 scrolls of identify {unknown}
 h - 3 scrolls of remove curse {unknown}
 i - a scroll of enchant armour {unknown}
 j - a scroll of random uselessness {unknown}
 m - a scroll of teleportation {unknown}
 n - 3 scrolls of fear {unknown}
 q - 5 scrolls of fog {unknown}
 y - a scroll of enchant weapon {unknown}
Potions
 f - a potion of haste {unknown}
 g - 2 potions of lignification {unknown}
 k - a potion of magic {unknown}
 l - 2 potions of curing {unknown}
 o - 3 potions of heal wounds {unknown}
 p - a potion of might {unknown}
 v - a potion of degeneration {unknown}
 x - a potion of ambrosia {unknown}
 z - a potion of agility {unknown}
 A - a potion of flight {unknown}
Comestibles
 c - 9 rations
 t - a chunk of flesh


   Skills:
 + Level 4.8 Fighting
 + Level 6.3 Axes
 + Level 3.5 Armour
 + Level 3.1 Dodging
 + Level 1.6 Stealth
 + Level 3.2 Shields


You had 7 spell levels left.
You didn't know any spells.
Your spell library was empty.

Dungeon Overview and Level Annotations

Branches:
Dungeon (5/15)
 Temple: D:4-7

Altars:


Innate Abilities, Weirdness & Mutations

You have a pair of antennae on your head.
You are mostly covered in large bone plates. (SH +6)
A weak demonic guardian rushes to your aid.


Message History

You are feeling very hungry.
Something hits you but does no damage.
You miss something. Something hits you but does no damage.
You miss something. Something hits you but does no damage.
You slash something! You slash something!
Your iron imp disappears in a puff of smoke!
Something hits you.
* * * LOW HITPOINT WARNING * * *
Something shocks you.
* * * LOW HITPOINT WARNING * * *
You closely miss something. You closely miss something.
Something hits you but does no damage.
You miss something. Something hits you but does no damage.
You miss something. You barely miss something. Something completely misses you.
You closely miss something. Something hits you.
* * * LOW HITPOINT WARNING * * *
Something shocks you.
You die...

......# ......# .#
......####. .#
...........####+###.##
.####.#####..........#
.# '# ###..........#
.## . .............#
..# ...............#
..# .......{@....#
..#.. .....#.###.##
...... ... #.# # ...##+
# ####'###.### ....#.#
#........... ....#.#
#........... ....#.#
#...<.......
......######...........
.......................


There were no monsters in sight!

Vanquished Creatures
  Menkaure (D:4)
  A necrophage (D:5)
  An ogre (D:4)
  A centaur (D:5)
  2 scorpions
  A howler monkey (D:5)
  A crimson imp (D:5)
  3 hounds
  A bullfrog skeleton (D:4)
  A centaur skeleton (D:5)
  An iguana (D:5)
  Natasha (twice) (D:4)
  4 worker ants (D:4)
  Robin (D:4)
  6 gnolls
  7 adders
  An adder skeleton (D:4)
  4 worms
  3 dart slugs
  A leopard gecko (D:4)
  11 orcs
  7 bats
  6 giant cockroaches
  14 goblins
  6 hobgoblins
  2 jackals (D:4)
  6 kobolds
  A quokka (D:2)
  4 ball pythons
  4 frilled lizards
  A leopard gecko skeleton (D:4)
  A leopard gecko zombie (D:5)
  2 rats (D:1)
108 creatures vanquished.

Vanquished Creatures (collateral kills)
  A phantom (D:5)
  An orc priest (D:3)
  Natasha (D:4)
  A gnoll (D:4)
  A worm (D:4)
  An orc (D:4)
  5 goblins (D:4)
11 creatures vanquished.

Vanquished Creatures (others)
  A hound (D:4)
1 creature vanquished.

Grand Total: 120 creatures vanquished

Notes
Turn   | Place    | Note
-------+----------+-------------------------------------------
     0 | D:1      | galech the Demonspawn Berserker began the quest for the Orb.
     0 | D:1      | Reached XP level 1. HP: 18/18 MP: 1/1
   165 | D:1      | Gained mutation: You are partially covered in large bone plates. (SH +4) [demonic ancestry]
   165 | D:1      | Reached XP level 2. HP: 11/24 MP: 2/2
   355 | D:1      | Reached skill level 3 in Axes
  1119 | D:2      | Gained mutation: A weak demonic guardian rushes to your aid. [demonic ancestry]
  1119 | D:2      | Reached XP level 3. HP: 29/29 MP: 3/3
  1244 | D:2      | Found a faded altar of an unknown god.
  1258 | D:2      | Reached ** piety under Trog
  1799 | D:2      | Reached XP level 4. HP: 22/36 MP: 4/4
  2012 | D:2      | You fall through a shaft!
  2630 | D:3      | Gained mutation: You are mostly covered in large bone plates. (SH +6) [demonic ancestry]
  2630 | D:3      | Reached XP level 5. HP: 42/42 MP: 5/5
  2634 | D:3      | Reached skill level 4 in Axes
  2921 | D:4      | Reached skill level 1 in Shields
  3033 | D:4      | Noticed Natasha
  3034 | D:4      | Noticed Robin
  3043 | D:4      | Killed Natasha
  3059 | D:4      | Gained mutation: You have a pair of small antennae on your head. [demonic ancestry]
  3059 | D:4      | Reached XP level 6. HP: 44/48 MP: 6/6
  3104 | D:4      | Reached *** piety under Trog
  3134 | D:4      | Noticed Natasha
  3151 | D:4      | Killed Natasha
  3151 | D:4      | Reached skill level 1 in Stealth
  3159 | D:4      | Reached skill level 5 in Axes
  3443 | D:4      | Killed Robin
  3501 | D:4      | Gained mutation: You have a pair of antennae on your head. [demonic ancestry]
  3501 | D:4      | Reached XP level 7. HP: 50/55 MP: 7/7
  3705 | D:4      | Noticed Menkaure
  3707 | D:4      | Noticed Natasha
  3712 | D:4      | Killed Natasha
  3715 | D:4      | Killed Menkaure
  4083 | D:5      | Entered Level 5 of the Dungeon
  4244 | D:5      | Reached skill level 6 in Axes
  4322 | D:5      | Reached XP level 8. HP: 42/61 MP: 8/8
  4697 | D:5      | Slain by a sky beast

Vault maps used:
D:1:      dpeg_arrival_erosion
D:2:      chequers_ecumenical_altar_simple_redux, guppyfry_early_orc_mine
D:4:      first_ration, lemuel_flame_loot_1, uniq_menkaure, uniq_natasha,
          uniq_robin

Skill      XL: |  1  2  3  4  5  6  7 |
---------------+----------------------+-----
Axes           | 3 4 5 6 |  6.3
Dodging        | 2 3 |  3.1
Armour         | 2 3 |  3.5
Shields        | 1 2 3 |  3.2
Fighting       | 4 |  4.8
Stealth        | 1 |  1.6

Action                   |  1- 3 |  4- 6 |  7- 9 || total
-------------------------+-------+-------+-------++-------
Melee: Hand axe          |   136 |   216 |   156 ||   508
Invok: Berserk           |     3 |     5 |     2 ||    10
 Stab: Sleeping          |     1 |       |       ||     1
       Distracted        |       |     4 |       ||     4
  Eat: Chunk             |     6 |     7 |     5 ||    18
       Ration            |       |     1 |       ||     1
Armor: Animal skin       |    25 |       |       ||    25
       Chain mail        |     9 |    86 |    54 ||   149
Dodge: Dodged            |    83 |    57 |    40 ||   180
Block: Other             |    18 |       |       ||    18
       Buckler           |     5 |    86 |    69 ||   160

Table legend:
 A = Non-vault XP
 B = Vault XP
 C = Vault XP percentage of total XP
 D = Non-vault monster count
 E = Vault monster count
 F = Vault count percentage of total count
                 A         B        C        D         E       F
            +---------+---------+-------+---------+---------+-------
      Total |    1382 |     241 |  14.8 |      98 |      21 |  17.6
            +---------+---------+-------+---------+---------+-------
        D:1 |      25 |       0 |   0.0 |      15 |       0 |   0.0
        D:2 |      70 |      16 |  18.6 |      21 |       7 |  25.0
        D:3 |     139 |       0 |   0.0 |      17 |       0 |   0.0
        D:4 |     505 |     225 |  30.8 |      31 |      14 |  31.1
        D:5 |     643 |       0 |   0.0 |      14 |       0 |   0.0
            +---------+---------+-------+---------+---------+-------
